 Dungeon Crawl Stone Soup version 0.31-a0-133-gaae73658be (webtiles) character file.

Game seed: 16951038090750752765

71 MackTheKnife the Insei (level 4, 35/35 HPs)
             Began as a Demonspawn Monk on June 2, 2023.
             Was a Believer of Sif Muna.
             Quit the game on level 2 of the Dungeon.
             The game lasted 00:01:33 (1026 turns).

MackTheKnife the Insei (Demonspawn Monk)            Turns: 1026, Time: 00:01:34

Health: 35/35      AC:  6    Str: 13    XL:     4   Next: 5%
Magic:  4/4        EV: 11    Int: 12    God:    Sif Muna [**....]
Gold:   114        SH:  0    Dex: 15    Spells: 3/3 levels left

rFire   . .          .
                       - Unarmed
rCold   . . .        c - orb {light}
rNeg    . . .        j - +0 ring mail
rPois   .            (no helmet)
rElec   .            (no cloak)
rCorr   .            e - +0 pair of gloves
SInv    .            (no boots)
Will    .....        f - amulet of regeneration {@e2}
Stlth   +            (no ring)
HPRegen 1.05/turn    (no ring)
MPRegen 0.18/turn

%: no passive effects
@: glowing
A: demonic guardian 1, magic regeneration
a: Renounce Religion, Channel Magic


You were on level 2 of the Dungeon.
You worshipped Sif Muna.
Sif Muna was pleased with you.
You visited 1 branch of the dungeon, and saw 2 of its levels.

You collected 114 gold pieces.


Innate Abilities, Weirdness & Mutations

A weak demonic guardian rushes to your aid.
You regenerate magic rapidly.


   Skills:
 - Level 3.0 Fighting
 - Level 2.6 Dodging
 + Level 4.5 Unarmed Combat


You had 3 spell levels left.
You didn't know any spells.
Your spell library contained the following spells:

 Spells                   Type           Power      Damage    Failure   Level
 Lesser Beckoning         Tloc           0%         N/A       73%         2
 Gell's Gravitas          Tloc           0%         N/A       91%         3
 Teleport Other           Tloc           0%         N/A       91%         3

Inventory:

Armour
 c - an orb of light (worn)
 e - a +0 pair of gloves (worn)
   (You found it on level 1 of the Dungeon)
 h - a +0 buckler
   (You found it on level 1 of the Dungeon)
 j - a +0 ring mail (worn)
   (You found it on level 1 of the Dungeon)
Jewellery
 f - an amulet of regeneration (around neck) {@e2}
   (You found it on level 1 of the Dungeon)
Scrolls
 g - a scroll of identify {unknown}
 i - a scroll of brand weapon {unknown}
 k - a scroll of amnesia {unknown}
 l - a scroll of poison {unknown}
Potions
 a - a potion of haste {unknown}
 b - 3 potions of ambrosia
 d - 2 potions of lignification {unknown}

Dungeon Overview and Level Annotations

Branches:
Dungeon (2/15) Zot: 10979

Altars:
Sif Muna

Shops:
D:1

( .. .. # ##. ##. .##
#######.( ##..# #..##
........# ....###....
........# #...#...#
........# #.....#
...[....# ##.@.##
........# ####.....#
........###.#...#...#
†..............###.....
........####†)## #..##
><......#####..## .##
...........#....# #
........####.##.....#
### ........#
#..####### ...


There were no monsters in sight!


Message History

There is a stone staircase leading down here.
You climb downwards.
There is a stone staircase leading up here.
a - a purple potion A rat is nearby!
The rat closely misses you.
You barely miss the rat. The rat closely misses you.
You hit the rat.
You kill the rat!
No target in view!
k - a scroll labelled FOORHUT OCYN
l - a scroll labelled IRO XUXKAD An adder comes into view.
The adder hisses angrily.
The adder moves out of view.
You barely miss the adder. The adder bites you but does no damage.
You closely miss the adder. The adder bites you but does no damage.
You barely miss the adder. The adder bites you.
The adder bites you but does no damage. 😕 HP[-1]
You take 1 damage, and now have 28/29 hp.
You hit the adder. The adder barely misses you. 😎 HP[+1]
Your hp is fully restored (29).
You barely miss the adder. The adder misses you.
You barely miss the adder. The adder closely misses you.
You barely miss the adder. The adder bites you but does no damage.
The adder closely misses you.
You hit the adder. The adder barely misses you.
You hit the adder.
You kill the adder!
You have reached level 4!
You feel clever. 😎 HP[+6] MP[+1]
You now have 35 max hp (+6).
Your hp is fully restored (35).
Your mp is fully restored (4).
You see here an adder corpse.
You see here a +0 scale mail.
Found a stone staircase leading up.
b - 3 potions of ambrosia (gained 1)
A ball python comes into view.
Found a faded altar of an unknown god.
The ball python hisses angrily.
A ball python comes into view.
The ball python hisses angrily.
A ball python comes into view.
You hit the ball python.
The ball python bites you but does no damage.
The ball python grabs you.
The ball python constricts you. 😕 HP[-1]
You take 1 damage, and now have 34/35 hp.
You closely miss the ball python. The ball python barely misses you.
The ball python constricts you. 😎 HP[+1]
Your hp is fully restored (35).
You hit the ball python but do no damage.
The ball python bites you but does no damage.
The ball python constricts you. 😕 HP[-1]
You take 1 damage, and now have 34/35 hp.
You hit the ball python. The ball python loses its grip on you.
The ball python barely misses you.
The ball python closely misses you. 😎 HP[+1]
Your hp is fully restored (35).
You hit the ball python.
You kill the ball python!
The ball python bites you but does no damage.
The ball python barely misses you. The ball python completely misses you.
The ball python closely misses you. The ball python barely misses you.
The ball python grabs you. The ball python constricts you.
You barely miss the ball python. The ball python bites you. x2
The ball python constricts you.
The ball python bites you but does no damage. 😕 HP[-3]
You take 3 damage, and now have 32/35 hp.
You punch the ball python!
You kill the ball python!
The ball python bites you but does no damage.
The ball python grabs you. The ball python constricts you.
You hit the ball python but do no damage.
The ball python bites you but does no damage.
The ball python constricts you. 😕 HP[+1]
You punch the ball python!
You kill the ball python! 😕 HP[+1] No target in view!
Things that are here:
a +0 dagger {short}; a ball python corpse 😎 HP[+1]
Your hp is fully restored (35).
There is a faded altar of an unknown god here.
This altar belongs to (a) Dithmenos, (b) Hepliaklqana or (c) Sif Muna, but you can't tell which.
Press the corresponding letter to learn more about a god, or press enter to convert or escape to cancel.
Sif Muna accepts your prayer! Sif Muna welcomes you!
You can now call upon Sif Muna for magical energy.
Are you sure you want to abandon this character and quit the game? (Confirm with "yes".)

Skill      XL: |  1  2  3 |
---------------+----------+-----
Unarmed Combat | 3 4 |  4.5
Fighting       | |  3.0
Dodging        | |  2.6

Action                     |  1- 3 |  4- 6 || total
---------------------------+-------+-------++-------
  Melee: Unarmed           |    79 |     9 ||    88
 Armour: Robe              |    16 |       ||    16
         Ring mail         |    11 |     6 ||    17
  Dodge: Dodged            |    62 |     7 ||    69

Levels and vault maps discovered:
D:1:      nicolae_arrival_somewhat_less_tricky_arrival, layout_loops_ring,
          serial_shops, shop, hangedman_glass_teeth
D:2:      layout_rooms, nicolae_ecumenical_snake_handling, uniq_terence

Notes
Turn   | Place    | Note
-------+----------+-------------------------------------------
     0 | D:1      | MackTheKnife the Demonspawn Monk began the quest for the
                  | Orb.
     0 | D:1      | Reached XP level 1. HP: 18/18 MP: 1/1
     0 | D:1      | magus.rc [v1.9.6]
   125 | D:1      | Reached skill level 3 in Unarmed Combat
   307 | D:1      | Gained mutation: A weak demonic guardian rushes to your
                  | aid. [demonic ancestry]
   307 | D:1      | Reached XP level 2. HP: 23/24 MP: 2/2
   318 | D:1      | Found Coyckos's Antique Weapon Shoppe.
   638 | D:1      | You pick up a book of Displacement and begin reading...
   638 | D:1      | You add the spells Lesser Beckoning, Gell's Gravitas and
                  | Teleport Other to your library.
   836 | D:2      | Noticed Terence
   856 | D:1      | Gained mutation: You regenerate magic rapidly. [demonic
                  | ancestry]
   856 | D:1      | Reached XP level 3. HP: 21/29 MP: 3/3
   867 | D:1      | Killed Terence
   868 | D:1      | Reached skill level 4 in Unarmed Combat
   976 | D:2      | Reached XP level 4. HP: 35/35 MP: 4/4
  1008 | D:2      | Found a faded altar of an unknown god.
  1025 | D:2      | Prayed at the altar of an unknown god.
  1025 | D:2      | Became a worshipper of Sif Muna the Loreminder
  1025 | D:2      | Reached * piety under Sif Muna
  1025 | D:2      | Reached ** piety under Sif Muna
  1026 | D:2      | Quit the game

Vanquished Creatures
  2 adders
  4 bats
  An endoplasm (D:1)
  2 giant cockroaches (D:1)
  A hobgoblin (D:1)
  A quokka (D:1)
  7 ball pythons
  2 frilled lizards (D:1)
  3 kobolds (D:1)
  4 rats
27 creatures vanquished.

Vanquished Creatures (collateral kills)
  Terence (D:1)
1 creature vanquished.

Grand Total: 28 creatures vanquished

Table legend:
 A = Non-vault XP
 B = Vault XP
 C = Vault XP percentage of total XP
 D = Non-vault monster count
 E = Vault monster count
 F = Vault count percentage of total count
                 A         B        C        D         E       F
            +---------+---------+-------+---------+---------+-------
      Total |      59 |      43 |  42.2 |      24 |       4 |  14.3
            +---------+---------+-------+---------+---------+-------
        D:1 |      43 |      38 |  46.9 |      21 |       1 |   4.5
        D:2 |      16 |       5 |  23.8 |       3 |       3 |  50.0
            +---------+---------+-------+---------+---------+-------

Skill      XL: |  1  2  3 |
---------------+----------+-----
Unarmed Combat | 3 4 |  4.5
Fighting       | |  3.0
Dodging        | |  2.6

Action                     |  1- 3 |  4- 6 || total
---------------------------+-------+-------++-------
  Melee: Unarmed           |    79 |     9 ||    88
 Armour: Robe              |    16 |       ||    16
         Ring mail         |    11 |     6 ||    17
  Dodge: Dodged            |    62 |     7 ||    69

Illustrated notes

Table legend:
 A = Kills in this place as a percentage of kills in the entire game.
 B = Kills by you in this place as a percentage of kills by you in the entire game.
 C = Kills by friends in this place as a percentage of kills by friends in the entire game.
 D = Other kills in this place as a percentage of other kills in the entire game.
 E = Experience gained in this place as a percentage of experience gained in the entire game.
 F = Experience gained in this place divided by the number of levels of this place that you have seen.
                   A       B       C       D       E      F
               +-------+-------+-------+-------+-------+----------------------
         Total | 100.0 | 100.0 | 100.0 |   N/A | 100.0 |  51.0
       Dungeon | 100.0 | 100.0 | 100.0 |   N/A | 100.0 |  51.0
               +-------+-------+-------+-------+-------+----------------------

Table legend: (Time is in decaauts)
 A = Elapsed time spent in this place.
 B = Non-inter-level travel time spent in this place.
 C = Inter-level travel time spent in this place.
 D = Time resting spent in this place.
 E = Time spent auto-exploring this place.
 F = Levels seen in this place.
 G = Mean time per level.
                   A        B        C        D        E       F      G
               +--------+--------+--------+--------+--------+-----+--------+
         Total |   1020 |    983 |     37 |     43 |    700 |   2 |  510.0 |
       Dungeon |   1020 |    983 |     37 |     43 |    700 |   2 |  510.0 |
               +--------+--------+--------+--------+--------+-----+--------+

Top non-repeatable levels by time:
     D:1: 893 daAuts
     D:2: 126 daAuts
